[Event "Early-Titled-Tuesday-Blitz-March-05-2024"]
[Site "Chess.com"]
[Date "2024.03.05"]
[Round "5"]
[White "Kostya0705"]
[Black "francyIM"]
[Result "0-1"]
[WhiteElo "2580"]
[BlackElo "2772"]
[TimeControl "180+1"]
[EndTime "8:58:32 PST"]
[Termination "francyIM won by resignation"]

1. e4 g6 2. d4 Bg7 3. Nc3 d6 4. Be3 a6 5. h4 b5 6. f3 Nd7 7. Qd2 Bb7 8. O-O-O Rc8 9. Nh3 c5 10. dxc5 Nxc5 11. Bd4 Nf6 12. Kb1 O-O 13. Ng5 e5 14.
Be3 b4 15. Nd5 Nxd5 16. exd5 a5 17. Ne4 Nxe4 18. fxe4 f5 19. Bg5 Qc7 20. Bd3 f4 21. h5 Qf7 22. Be2 h6 23. hxg6 Qxg6 24. Bh4 Qxe4 25.
Bf3 Qf5 26. Qe2 Rc7 27. Be4 Qf7 28. Qd3 Rfc8 29. Rd2 Rc5 30. Qf3 Rc4 31. Rf1 Rxe4 32. Qxe4 Ba6 33. Rfd1 Rc4 34. Qf3 Bc8 35. g3 fxg3 36.
Qxf7+ Kxf7 37. Bxg3 Bf5 38. Rf1 Kg6 39. Kc1 Bf6 40.
Kd1 Bg5 41. Rg2 Bh3 42. Rfg1 Rd4+ 43. Ke1 Bxg2 44. Rxg2 Rxd5 45. Bf2 e4 46. Bc5 Rxc5 0-1

[Event "Early-Titled-Tuesday-Blitz-March-05-2024"]
[Site "Chess.com"]
[Date "2024.03.05"]
[Round "5"]
[White "Kolle05"]
[Black "AlexeiShirov"]
[Result "0-1"]
[WhiteElo "2584"]
[BlackElo "2840"]
[TimeControl "180+1"]
[EndTime "8:58:32 PST"]
[Termination "AlexeiShirov won by resignation"]

1. e4 e5 2. Nf3 Nc6 3. Bb5 a6 4. Ba4 Nf6 5. O-O b5 6. Bb3 Bc5 7. a4 Rb8 8. Nxe5 Nxe5 9. d4 Bxd4 10. Qxd4 d6 11. f3 c5 12. Qf2 O-O 13. Rd1 Qe7 14.
Nc3 c4 15. Ba2 b4 16. Ne2 Bb7 17. Be3 Rbc8 18. Nd4 Rfd8 19. Nf5 Qe6 20. Qg3 g6 21.
Nd4 Qe7 22. Bg5 Kh8 23. Qh4 Ned7 24. Re1 Rc5 25. f4 Re8 26. Nf5 gxf5 27. exf5 Be4 28. Re3 Rxf5 29. Rae1 d5 30. Rh3 Qc5+ 31. Kh1 Rg8 32. c3 bxc3 33. bxc3 Qf8 34. Bb1 Qg7 35. Bxe4 dxe4 36. g4 Rd5 37. Qg3 Rd3 38. Qg2 Rxh3 39. Qxh3 Nd5 40. Qg3 f6 41. Rxe4 fxg5 42. Rd4 N7f6 43.
fxg5 Qxg5 44. h3 Qc1+ 45. Kh2 Qxc3 46. Qe5 Qb2+ 47. Kh1 Re8 0-1

[Event "Early-Titled-Tuesday-Blitz-March-05-2024"]
[Site "Chess.com"]
[Date "2024.03.05"]
[Round "5"]
[White "bazar-wokzal"]
[Black "balack95"]
[Result "0-1"]
[WhiteElo "2590"]
[BlackElo "2472"]
[TimeControl "180+1"]
[EndTime "8:58:32 PST"]
[Termination "balack95 won on time"]

1. e4 c5 2. c3 Nf6 3. e5 Nd5 4. d4 cxd4 5. cxd4 e6 6. Nc3 Nxc3 7. bxc3 Qc7 8. Bd2 d6 9. f4 Bd7 10. Nf3 Bc6 11. Bd3 Nd7 12. O-O Be7 13. f5 exf5 14.
Bxf5 dxe5 15. Bxd7+ Bxd7 16. Nxe5 O-O 17. Qh5 Be6 18. Rf3 Bd6 19. Re1 f6 20. Nd3 Bf7 21. Qh4 Bxa2 22. Rh3 g6 23. Bh6 Rf7 24. Rhe3 Qd7 25.
Qh3 Bf8 26. Qxd7 Rxd7 27. Re8 Rdd8 28. Rxd8 Rxd8 29. Bxf8 Kxf8 30. Nc5 b6 31. Ra1 Bd5 32. Nd3 a5 33. Nb2 Rc8 34. Ra3 Ke7 35. Kf2 Kd6 36.
g3 Bc4 37. Ke3 Kd5 38. Ra1 Re8+ 39. Kf3 Be2+ 40. Kf2 Ba6 41. Kf3 Be2+ 42. Kf2 Bc4 43. Kf3 Re6 44. Ra4 Be2+ 45. Kf2 Bb5 46. c4+ Bxc4 47.
Rxc4 Re4 48. Rc7 Kxd4 0-1

[Event "Early-Titled-Tuesday-Blitz-March-05-2024"]
[Site "Chess.com"]
[Date "2024.03.05"]
[Round "5"]
[White "Eloist"]
[Black "karinachess1"]
[Result "0-1"]
[WhiteElo "2444"]
[BlackElo "2593"]
[TimeControl "180+1"]
[EndTime "8:58:33 PST"]
[Termination "karinachess1 won by checkmate"]

1. e4 e5 2. Bc4 Nf6 3. d3 c6 4. Nf3 Be7 5. O-O d6 6. c3 O-O 7.
Bb3 Nbd7 8. Nbd2 Nc5 9. Bc2 Bg4 10. h3 Bh5 11. Re1 Ne6 12. Nf1 Re8 13. Ng3 Bg6 14.
d4 Nd7 15. Nf5 Bf8 16. Be3 Qc7 17. N3h4 Rad8 18. Qd2 exd4 19. cxd4 d5 20. exd5 cxd5 21. Rac1 Qb6 22. Bb3 Nf6 23. Ba4 Bb4 24. Qd3 Bxe1 25.
Bxe8 Bxf2+ 26. Bxf2 Rxe8 27. Bg3 Ne4 28. Bh2 Qxb2 29.
Qc2 Qxc2 30. Rxc2 b5 31. Nxg6 hxg6 32. Nd6 Nxd6 33. Bxd6 Nxd4 34. Rd2 Nf5 35. Bc5 a6 36. Rxd5 Re1+ 37. Kf2 Ra1 38. Rd2 g5 39. g4 Nh4 40.
Bd4 Rh1 41. Be3 f6 42. Kg3 Kh7 43. Rd6 a5 44. Rd5 Rb1 45. a4 bxa4 46. Rxa5 Rb3 47. Kf2 a3 48. Bc5 Rb2+ 49. Kg3 Rg2# 0-1

[Event "Early-Titled-Tuesday-Blitz-March-05-2024"]
[Site "Chess.com"]
[Date "2024.03.05"]
[Round "5"]
[White "RianKapriaga"]
[Black "annamaja"]
[Result "0-1"]
[WhiteElo "2295"]
[BlackElo "2449"]
[TimeControl "180+1"]
[EndTime "8:58:33 PST"]
[Termination "annamaja won on time"]

1. d4 d5 2. Nf3 Nf6 3. Bf4 c5 4. e3 e6 5. Nbd2 Bd6 6. Bg3 O-O 7. c3 b6 8. Bd3 Ba6 9. Bxa6 Nxa6 10. O-O Bxg3 11.
hxg3 Qd6 12. Ne5 Nc7 13. Qe2 Nd7 14. Nxd7 Qxd7 15. Qh5 Ne8 16. g4 Nf6 17. Qh4 Qd6 18.
g5 Nd7 19. f4 f6 20. gxf6 Rxf6 21. Rf3 Rh6 22. Qg5 Rg6 23. Qh4 Nf6 24. Rg3 Rxg3 25.
Qxg3 Rf8 26. Rf1 cxd4 27. cxd4 Qb4 28. Nf3 Qxb2 29. Ng5 Re8 30. Qh3 Qxa2 31. Rc1 Qd2 32. Rc7 Qd1+ 33. Kh2 Qg4 34. Rxa7 h6 35. Nf3 Qg6 36.
Rb7 Ng4+ 37. Kg3 Nxe3+ 38. Kf2 Nd1+ 39. Ke1 Nc3 40. Nd2 Qc2 41. Qf3 Qc1+ 0-1

[Event "Early-Titled-Tuesday-Blitz-March-05-2024"]
[Site "Chess.com"]
[Date "2024.03.05"]
[Round "5"]
[White "Predator0608"]
[Black "Ducke13"]
[Result "1-0"]
[WhiteElo "2551"]
[BlackElo "2356"]
[TimeControl "180+1"]
[EndTime "8:58:34 PST"]
[Termination "Predator0608 won by resignation"]

1. g3 Nf6 2. Bg2 d5 3. b3 g6 4. Bb2 Bg7 5. e3 O-O 6. Ne2 c5 7. O-O Nc6 8. d3 b6 9. Nd2 Bb7 10. Qe1 e5 11. e4 Nd4 12. Qd1 Bh6 13. exd5 Bxd5 14. Nc3 Bxd2 15. Nxd5 Nxd5 16. Qxd2 Qd6 17. Rfe1 Rae8 18. a3 h5 19. h4 Nf6 20. Qd1 Ng4 21.
c3 Nf5 22. Qc2 Rd8 23. Rad1 Qc7 24. Bc1 Rd7 25. Be4 Qd8 26. Bxf5 gxf5 27. d4 cxd4 28. Qxf5 Rd6 29. Qxh5 Rg6 30. Bg5 Qc8 31. cxd4 exd4 32. Rxd4 Nf6 33. Bxf6 Rxf6 34. Rg4+ Rg6 35. Rxg6+ fxg6 36. Qxg6+ Kh8 37. Qh6+ Kg8 38. Qg6+ Kh8 39. Re7 Qc1+ 40.
Kg2 Rxf2+ 41. Kxf2 Qb2+ 42. Re2 Qd4+ 43. Kg2 Qd5+ 44. Qe4 Qxe4+ 45. Rxe4 a5 46. Re6 b5 47.
Rb6 b4 48. a4 Kg7 49. Rb5 Kf6 50. Rxa5 Ke6 51. Rb5 Kd6 52. Rxb4 Kc6 53. h5 Kc5 54. Rc4+ Kb6 55. h6 Kb7 56. h7 Ka7 57. h8=N Kb6 58. g4 Kb7 59. g5 Ka7 60. g6 Kb6 61. g7 Kb7 62. g8=N Ka7 63. Rc5 Kb6 1-0

[Event "Early-Titled-Tuesday-Blitz-March-05-2024"]
[Site "Chess.com"]
[Date "2024.03.05"]
[Round "5"]
[White "DavidGavrilescu18"]
[Black "ChessLebaneseSalah"]
[Result "0-1"]
[WhiteElo "2748"]
[BlackElo "2565"]
[TimeControl "180+1"]
[EndTime "8:58:35 PST"]
[Termination "ChessLebaneseSalah won by checkmate"]

1. e4 e5 2. Bc4 Nc6 3. Nc3 Nf6 4. d3 Bc5 5. f4 d6 6. Nf3 Bg4 7. Na4 Bd4 8. c3 Bb6 9. Nxb6 axb6 10. O-O O-O 11.
h3 Be6 12. Bb5 exf4 13. Bxf4 d5 14. Bg5 dxe4 15. Bxc6 bxc6 16. Nd4 exd3 17. Bxf6 gxf6 18. Qxd3 Kh8 19. Qe3 Bd5 20. Nf5 Rg8 21. g4 Rxa2 22.
Rad1 Rxb2 23. c4 Rg2+ 24. Kh1 Rd2+ 25. Kg1 Rg2+ 26. Kh1 Rd2+ 27. cxd5 Qxd5+ 28. Qf3 Qxf3+ 29. Rxf3 Rxd1+ 30. Kg2 c5 31. Re3 Rd2+ 32. Kg3 c4 33.
Re7 c3 34. Rxc7 c2 35. Nh6 Rf8 36. Kh4 b5 37. Nf5 b4 38. Ng3 b3 39. Ne4 Rd4 40.
Nxf6 b2 41. Rxc2 b1=Q 42. Re2 Qg6 43. Nh5 f6 44. Re7 Qg5+ 45. Kg3 Rd3+ 46. Kf2 Qd2+ 47. Re2 Qc3 48. Kg2 Rxh3 49. Rf2 Rxh5 50. gxh5 Qc6+ 51. Kh2 Rg8 52. Re2 Qc7+ 53. Kh1 Qg3 54. h6 Qg1# 0-1

[Event "Early-Titled-Tuesday-Blitz-March-05-2024"]
[Site "Chess.com"]
[Date "2024.03.05"]
[Round "5"]
[White "Caracal3000"]
[Black "Alenzer"]
[Result "1-0"]
[WhiteElo "2480"]
[BlackElo "2172"]
[TimeControl "180+1"]
[EndTime "8:58:36 PST"]
[Termination "Caracal3000 won on time"]

1. e4 c5 2. Nf3 e6 3. d4 cxd4 4. Nxd4 Nf6 5. Nc3 Nc6 6. Ndb5 d6 7. Bf4 e5 8. Bg5 a6 9. Na3 b5 10. Nd5 Be7 11. Bxf6 Bxf6 12. c3 O-O 13. Nc2 Bg5 14. h4 Bh6 15. a4 bxa4 16. Ncb4 Nxb4 17. Nxb4 a5 18. Nd5 Bd7 19. g4 Bf4 20. Nxf4 exf4 21. Qxd6 Bxg4 22. Qxf4 f5 23. Bc4+ Kh8 24. f3 Bh5 25. exf5 Qe7+ 26. Qe4 Rae8 27. Be6 Bxf3 28. Qxf3 Qxe6+ 29. fxe6 Rxf3 30. O-O-O a3 31. e7 Rf7 32. Rhe1 a2 33. Kc2 a1=Q 34. Rxa1 Rfxe7 35. Rxe7 Rxe7 36. Rxa5 h6 37. b4 Re4 38. b5 Rxh4 39. b6 Rh2+ 40.
Kc1 Rh1+ 41. Kc2 Rh2+ 42. Kb1 Rh1+ 43. Ka2 Rh2+ 44. Ka3 Rh1 45. Rb5 Rh3 46. b7 Rxc3+ 47. Kb2 1-0

[Event "Early-Titled-Tuesday-Blitz-March-05-2024"]
[Site "Chess.com"]
[Date "2024.03.05"]
[Round "5"]
[White "Shahdad2007"]
[Black "Njal28"]
[Result "1/2-1/2"]
[WhiteElo "2572"]
[BlackElo "3018"]
[TimeControl "180+1"]
[EndTime "8:58:37 PST"]
[Termination "Game drawn by repetition"]

1. Nf3 Nf6 2. c4 e6 3. g3 d5 4. Bg2 Be7 5. O-O O-O 6. d4 dxc4 7. Qc2 a6 8. Qxc4 b5 9. Qc2 Bb7 10. Bd2 Be4 11. Qc1 c6 12. Nc3 Bxf3 13. Bxf3 Qxd4 14.
Be3 Qd8 15. Rd1 Nd5 16. Ne4 Nd7 17. Qxc6 Ne5 18. Qc2 Nxe3 19. fxe3 Qb6 20. Qb3 Nc4 21. Kf2 f5 22. Nd2 Nxe3 23. Ke1 Nxd1 24. Rxd1 Rad8 25. Kf1 Bg5 26. Nb1 Rxd1+ 27. Qxd1 Rd8 28. Qb3 Qe3 29. Nc3 Bf6 30. Kg2 g5 31. h3 Kg7 32. Qa3 h5 33. Bxh5 g4 34. hxg4 f4 35.
gxf4 Qxf4 36. Qxa6 Be5 37. Qb7+ Kh6 38. Ne4 Qh2+ 39. Kf3 Qh3+ 40. Kf2 Bd4+ 41. Ke1 Qh1+ 42. Kd2 Bxb2+ 43. Kc2 Qc1+ 44. Kb3 Be5 45. g5+ Kxh5 46. Qf7+ Kg4 47. Qf3+ Kh4 48. Qf2+ Kh5 49. Qf7+ Kh4 50.
Qf2+ Kh3 51. Qf3+ Kh2 52. Qf2+ Kh1 53. Qf3+ Kh2 54. Qf2+ Kh3 55. Qf3+ Kh4 56. Qf2+ 1/2-1/2

[Event "Early-Titled-Tuesday-Blitz-March-05-2024"]
[Site "Chess.com"]
[Date "2024.03.05"]
[Round "5"]
[White "Batica1984"]
[Black "Pingah9"]
[Result "1-0"]
[WhiteElo "2783"]
[BlackElo "2593"]
[TimeControl "180+1"]
[EndTime "8:58:37 PST"]
[Termination "Batica1984 won by resignation"]

1. e4 g6 2. d4 Bg7 3. Nc3 d6 4. Bg5 h6 5. Bh4 a6 6. Qd2 Nd7 7. f4 b5 8. Nf3 Bb7 9. O-O-O b4 10. Nd5 Bxd5 11. exd5 Ngf6 12. Qxb4 Nxd5 13. Qd2 N7f6 14. Bd3 Qd7 15. c4 Nb6 16. Rhe1 O-O 17. f5 g5 18. Bf2 Qa4 19. b3 Qa3+ 20. Qb2 Qxb2+ 21. Kxb2 Ng4 22. Bg1 Rfe8 23. a4 a5 24. Kc2 Rab8 25.
Re2 c6 26. Rde1 Rb7 27. h3 Nf6 28. g4 Kf8 29. Bh2 Reb8 30. Rxe7 Rxe7 31. Bxd6 Nc8 32. Bxb8 Rb7 33. Be5 Nd7 34. Bxg7+ Kxg7 35. Ne5 Nxe5 36.
Rxe5 Rd7 37. Kc3 f6 38. Rxa5 h5 39. Rc5 Ne7 40. a5 hxg4 41. hxg4 Ra7 42. b4 Ra8 43.
Be4 Ra6 44. d5 cxd5 45. Bxd5 Kf8 46. Be6 Ke8 47. Rc7 Ra8 48. c5 Ra6 49. Kc4 Ra8 50.
Kb5 Rb8+ 51. Ka4 Ra8 52. b5 Kd8 53. Rd7+ Ke8 54. a6 Nc8 55. Ka5 Na7 56. Rxa7 Rxa7 57. b6 1-0

[Event "Early-Titled-Tuesday-Blitz-March-05-2024"]
[Site "Chess.com"]
[Date "2024.03.05"]
[Round "5"]
[White "SahibSinghKnight"]
[Black "vovachesss"]
[Result "0-1"]
[WhiteElo "2575"]
[BlackElo "2801"]
[TimeControl "180+1"]
[EndTime "8:58:37 PST"]
[Termination "vovachesss won by resignation"]

1. e4 Nf6 2. e5 Nd5 3. c4 Nb6 4. d4 d6 5. exd6 exd6 6. Nc3 Be7 7. Be3 O-O 8. Rc1 Nc6 9. b3 Bg5 10. Nf3 Bxe3 11. fxe3 Re8 12. Kf2 Bf5 13. Bd3 Qf6 14.
Bxf5 Qxf5 15. Qc2 Qf6 16. Rhe1 Re7 17. Kg1 Rae8 18. Qd2 Qh6 19. Kf2 Nd8 20. e4 Qh5 21.
Qg5 Qxg5 22. Nxg5 Ne6 23. Nf3 c6 24. Rcd1 h6 25. d5 cxd5 26. exd5 Nc5 27. Rxe7 Rxe7 28. Nd4 g6 29. Kf1 a6 30. Re1 Kf8 31. Rxe7 Kxe7 32.
Ke2 f5 33. Ke3 Kf6 34. Nde2 Ke5 35. Nf4 g5 36. Nd3+ Nxd3 37. Kxd3 Nd7 38. b4 g4 39. a4 a5 40. bxa5 Nc5+ 41. Ke2 f4 42. g3 f3+ 43. Ke3 h5 44. h3 Nb3 45. hxg4 hxg4 46. Ne4 Nxa5 47.
Nf2 Nxc4+ 48. Kd3 Kxd5 49. Nxg4 Ne5+ 50. Nxe5 dxe5 51. Ke3 e4 52. g4 Ke5 53. a5 Kf6 54. g5+ Kxg5 55. Kxe4 f2 56. Kd5 f1=Q 0-1

[Event "Early-Titled-Tuesday-Blitz-March-05-2024"]
[Site "Chess.com"]
[Date "2024.03.05"]
[Round "5"]
[White "amanjazu"]
[Black "Doublekk14"]
[Result "0-1"]
[WhiteElo "2529"]
[BlackElo "2369"]
[TimeControl "180+1"]
[EndTime "8:58:38 PST"]
[Termination "Doublekk14 won by resignation"]

1. g3 d5 2. Bg2 Nf6 3. f4 e6 4.
Nf3 c5 5. O-O Nc6 6. d3 Be7 7.
Nc3 O-O 8. e4 dxe4 9. dxe4 Qb6 10. e5 Rd8 11. Qe2 Nd4 12. Nxd4 cxd4 13. Na4 Qb4 14.
exf6 Bxf6 15. b3 d3 16. cxd3 Bxa1 17. Bd2 Bd4+ 18. Kh1 Qd6 19. Be4 f5 20. Bf3 Bd7 21.
Nc3 Bc6 22. Kg2 Bxf3+ 23. Rxf3 Qc6 24. Nd1 Kf7 25. Kh3 Bf6 26. Be3 Rd5 27. Nf2 Rad8 28. Kg2 Bd4 29. h3 Bxe3 30. Qxe3 Qc5 31. Qe2 Qc3 32. g4 g6 33. Kg3 Rc8 34. Re3 Rc6 35.
Ne4 fxe4 36. dxe4 Rd2 37. Qf3 Qc1 38. f5 Qg1+ 39. Kh4 Rf2 40. Qg3 Qxg3+ 41. Kxg3 Rcc2 42. Rd3 gxf5 43. Rd7+ Kf6 44. exf5 exf5 45. Rxb7 fxg4 46. hxg4 Rxa2 47. Rxh7 Rfb2 48. Rb7 Ra3 49. Kf4 Rbxb3 50. Rc7 Ra4+ 0-1

[Event "Early-Titled-Tuesday-Blitz-March-05-2024"]
[Site "Chess.com"]
[Date "2024.03.05"]
[Round "5"]
[White "NikitaShnadrygin"]
[Black "K_A_S_T_O_R"]
[Result "1/2-1/2"]
[WhiteElo "2620"]
[BlackElo "2788"]
[TimeControl "180+1"]
[EndTime "8:58:39 PST"]
[Termination "Game drawn by stalemate"]

1. e4 c5 2. Nf3 d6 3. d4 cxd4 4. Nxd4 Nf6 5. Nc3 a6 6. f3 e6 7. g4 h6 8. Be3 b5 9. a4 bxa4 10. Rxa4 Be7 11. Be2 O-O 12. O-O Bb7 13. Qd2 Nbd7 14. Nb3 d5 15. exd5 Nxd5 16. Nxd5 Bxd5 17.
Rxa6 Rxa6 18. Bxa6 Qa8 19. Be2 Ne5 20. f4 Nc4 21. Qd4 Bf6 22. Qd3 Nxb2 23. Qb5 Rb8 24. Qd7 Bxb3 25. cxb3 Rxb3 26. Bf3 Qb8 27. Rc1 Rc3 28.
Rxc3 Bxc3 29. f5 Qe5 30. Bf2 exf5 31. gxf5 Qf6 32. Kf1 Be5 33. Bd5 Bd6 34. Bxf7+ Qxf7 35. Qxd6 Nc4 36. Qd8+ Kh7 37. Qd4 Na5 38. Qe4 Nc4 39. f6+ g6 40. Qe7 Qxe7 41. fxe7 Nd6 42. Bg3 Ne8 43. h4 Kg8 44. Bf4 h5 45. Bg5 Kf7 46. Kf2 Nc7 47. Kg3 Nd5 48. Kf3 Nxe7 49. Bxe7 Kxe7 50. Ke4 Ke6 51. Kf4 Kf6 52. Ke4 Kf7 53.
Kf4 Ke6 54. Kg5 Kf7 55. Kf4 Kf6 56. Ke4 g5 57. hxg5+ Kxg5 58. Kf3 Kh4 59. Kg2 Kg4 60. Kh1 h4 61. Kg1 h3 62. Kh1 Kg3 63. Kg1 h2+ 64.
Kh1 Kh3 1/2-1/2

[Event "Early-Titled-Tuesday-Blitz-March-05-2024"]
[Site "Chess.com"]
[Date "2024.03.05"]
[Round "5"]
[White "Shushik"]
[Black "bascheyaro"]
[Result "0-1"]
[WhiteElo "2546"]
[BlackElo "2785"]
[TimeControl "180+1"]
[EndTime "8:58:39 PST"]
[Termination "bascheyaro won by resignation"]

1. e4 e6 2. d4 d5 3. Nd2 c5 4.
Ngf3 Nc6 5. exd5 exd5 6. Bb5 c4 7. c3 Bd6 8. O-O Ne7 9. Ba4 O-O 10. h3 Bf5 11.
Re1 a5 12. Nf1 Bg6 13. Ne3 Rb8 14. Ng4 b5 15. Bc2 Bxc2 16. Qxc2 Ng6 17. g3 f5 18.
Nge5 Ngxe5 19. dxe5 Bc5 20. Bf4 Qb6 21. Rad1 d4 22.
cxd4 Nxd4 23. Nxd4 Bxd4 24. e6 Rbe8 25. Qd2 Bc5 26.
Be3 f4 27. Bxc5 Qxc5 28. Qd5 Qe7 29. g4 Rb8 30. Qd7 Rfe8 31. Re4 Qxd7 32. Rxd7 Rb6 33. e7 g5 34. Re5 Kf7 35. Rxg5 Rxe7 36. Rxe7+ Kxe7 37. Rg7+ Kf6 38. Rxh7 Ke5 39. g5 Rc6 40. h4 b4 41. h5 c3 42. bxc3 bxc3 43. Re7+ Kf5 44. Re1 Kxg5 45. f3 Kxh5 46. Kf2 Rb6 47. Re5+ Kh4 48. Rxa5 Rb2+ 49. Ke1 Rb1+ 50. Ke2 c2 0-1

[Event "Early-Titled-Tuesday-Blitz-March-05-2024"]
[Site "Chess.com"]
[Date "2024.03.05"]
[Round "5"]
[White "sorch29"]
[Black "Ralf61"]
[Result "1-0"]
[WhiteElo "2445"]
[BlackElo "2559"]
[TimeControl "180+1"]
[EndTime "8:58:39 PST"]
[Termination "sorch29 won on time"]

1. d4 Nf6 2. c4 g6 3. Nc3 d5 4. Bf4 Bg7 5. e3 c5 6. dxc5 Qa5 7. Rc1 dxc4 8. Bxc4 O-O 9. Ne2 Nc6 10. O-O Qxc5 11. Nb5 Qh5 12. Ng3 Qxd1 13. Rfxd1 a6 14. Nc7 Ra7 15. Nd5 Nxd5 16. Bxd5 e5 17. Bg5 h6 18.
Bxc6 bxc6 19. Bd8 Be6 20. b3 Bd5 21. Ba5 e4 22. Bc3 f5 23. Ne2 Rd8 24. Bxg7 Kxg7 25. Kf1 Kf6 26. Ke1 Ke5 27. Rd2 a5 28. Nc3 Rad7 29. Rcd1 Be6 30. Rxd7 Rxd7 31. Rxd7 Bxd7 32. Kd2 Bc8 33. Ne2 g5 34. Kc3 Ba6 35. Nd4 Bb7 36.
b4 axb4+ 37. Kxb4 f4 38. Kc5 h5 39. g3 fxe3 40. fxe3 h4 41. a4 Ba6 42. a5 Bf1 43.
Nxc6+ Kf5 44. gxh4 gxh4 45. Nd4+ Kg4 46. Nb5 1-0

[Event "Early-Titled-Tuesday-Blitz-March-05-2024"]
[Site "Chess.com"]
[Date "2024.03.05"]
[Round "5"]
[White "RamonManon0g"]
[Black "GoValya"]
[Result "1-0"]
[WhiteElo "2422"]
[BlackElo "2242"]
[TimeControl "180+1"]
[EndTime "8:58:39 PST"]
[Termination "RamonManon0g won on time"]

1. e4 e6 2. d4 d5 3. Nd2 Nf6 4.
exd5 exd5 5. Ngf3 c5 6. c3 Nc6 7. dxc5 Bxc5 8. Nb3 Be7 9. Be2 O-O 10. h3 Ne4 11. O-O Bf5 12. Bf4 Bg6 13.
Ne5 Nxe5 14. Bxe5 Rc8 15. Qd4 f6 16. Bf4 Bf7 17. Qxa7 Qd7 18. Qd4 g5 19. Bh2 Be6 20.
Rad1 Qc6 21. Bf3 f5 22. Be5 Rf7 23. Bh5 Rff8 24. Bg7 Bf6 25. Bxf6 Nxf6 26. Bf3 Ne4 27. Qe5 Rce8 28. Nd4 Qd7 29. Nxe6 Qxe6 30. Qxd5 Qxd5 31. Rxd5 Rf7 32. Bxe4 Rxe4 33. Rfd1 Re2 34. R5d2 Rfe7 35.
Kf1 R2e6 36. Rd8+ Kf7 37. R8d7 Rb6 38. Rxe7+ Kxe7 39. b3 Rc6 40. c4 Ra6 41. Rd2 Ke6 42. Ke2 Ke5 43. Kd3 h6 44. Kc3 Ke4 45. a4 Ke5 46. c5 Rc6 47. Kc4 Ke4 48. b4 f4 49.
Rd4+ Ke5 50. b5 Rc8 51. f3 Rc7 52. a5 h5 53. Rd5+ Ke6 54. Rxg5 Kf6 55. Rxh5 Ke6 56.
b6 Rg7 57. Rh6+ Kd7 58. Kb5 Rxg2 59. Rh7+ Kc8 60. Kc4 1-0

[Event "Early-Titled-Tuesday-Blitz-March-05-2024"]
[Site "Chess.com"]
[Date "2024.03.05"]
[Round "5"]
[White "Jumbo"]
[Black "Polish_fighter3000"]
[Result "0-1"]
[WhiteElo "2931"]
[BlackElo "3120"]
[TimeControl "180+1"]
[EndTime "8:58:42 PST"]
[Termination "Polish_fighter3000 won by resignation"]

1. d4 Nf6 2. Nf3 d5 3. Bf4 c5 4.
e3 Nc6 5. Nbd2 Qb6 6. dxc5 Qxb2 7.
Rb1 Qc3 8. Bb5 g6 9. O-O Bg7 10. Ne5 Qxc5 11. Bxc6+ bxc6 12. Nb3 Qa3 13. Nxc6 Ba6 14.
Re1 e6 15. Nbd4 O-O 16. Be5 Rfc8 17. Qf3 Ne4 18. Bxg7 Kxg7 19. Qf4 Qd6 20. f3 Qxf4 21. exf4 Nc3 22. Rb4 Ne2+ 23. Kf2 Nxd4 24. Nxd4 Rab8 25.
Reb1 Rxb4 26. Rxb4 Rc7 27. Ke3 h6 28. Kd2 g5 29. g3 gxf4 30. gxf4 Kf6 31. Ra4 Bc4 32. Rb4 a6 33. a3 Rc8 34. h4 Rg8 35. Rb7 Rg2+ 36.
Kc3 Rh2 37. Nc6 Rxh4 38. Nd8 Rxf4 39. Rxf7+ Ke5 40. Rxf4 Kxf4 41. Nxe6+ Kxf3 42. Kd4 h5 43. Ng5+ Kg4 44. Nf7 h4 45. Ne5+ Kg3 46. Ke3 h3 47. Nf3 d4+ 48. Nxd4 h2 49. Nf5+ Kg2 50. Nh4+ Kh3 0-1

[Event "Early-Titled-Tuesday-Blitz-March-05-2024"]
[Site "Chess.com"]
[Date "2024.03.05"]
[Round "5"]
[White "Mops_2004"]
[Black "lucasran"]
[Result "0-1"]
[WhiteElo "2827"]
[BlackElo "2613"]
[TimeControl "180+1"]
[EndTime "8:58:43 PST"]
[Termination "lucasran won on time"]

1. g3 c5 2. Bg2 Nc6 3. c4 g6 4.
Nc3 Bg7 5. d3 d6 6. h4 h6 7. a3 a5 8. Nh3 e5 9. Bd2 f5 10. f4 Nf6 11. Nf2 Nh5 12. Rh3 exf4 13. gxf4 Bf6 14. Nd5 Bxb2 15. Rb1 Bg7 16. e3 Nf6 17.
Kf1 O-O 18. Bf3 Rf7 19. Kg2 Be6 20. Kh2 h5 21. Nxf6+ Qxf6 22. Qh1 Rc8 23. Nd1 Nd8 24. Nc3 Qe7 25. Rg1 Kh7 26. Qg2 Qf6 27. Be1 Re7 28.
Rg3 Bf7 29. Nd5 Bxd5 30. cxd5 Qxh4+ 31. Rh3 Qf6 32. Bxh5 gxh5 33. Rxh5+ Kg8 34. Bh4 Qf7 35. Bxe7 Qxh5+ 36. Kg3 Qg4+ 37. Kf2 Qxg2+ 38. Rxg2 Kf7 39. Bxd6 b5 40. e4 fxe4 41. dxe4 c4 42. e5 c3 43. Ke3 c2 44. e6+ Nxe6 45. dxe6+ Kxe6 46. Rg6+ Kf5 0-1

[Event "Early-Titled-Tuesday-Blitz-March-05-2024"]
[Site "Chess.com"]
[Date "2024.03.05"]
[Round "5"]
[White "Brave_spirit12"]
[Black "mortngabriel"]
[Result "1-0"]
[WhiteElo "2718"]
[BlackElo "2533"]
[TimeControl "180+1"]
[EndTime "8:58:44 PST"]
[Termination "Brave_spirit12 won on time"]

1. e4 c5 2. c3 Nf6 3. e5 Nd5 4. d4 cxd4 5. Nf3 Nc6 6. Bc4 Nb6 7. Bb3 d5 8. exd6 Qxd6 9. O-O Be6 10. Bxe6 Qxe6 11.
Nxd4 Nxd4 12. Qxd4 Rd8 13. Qh4 Qg6 14. Be3 e5 15. Nd2 Be7 16. Qg3 Qxg3 17. hxg3 Nd5 18. Bxa7 Nxc3 19. Nc4 Ne2+ 20. Kh2 f6 21. Be3 Nd4 22.
Rac1 Kf7 23. b3 h5 24. Bxd4 Rxd4 25. Ne3 Rd7 26. Rfd1 Rhd8 27. Rxd7 Rxd7 28. Rc2 g6 29. Kg1 Ke6 30. Kf1 b5 31. a4 Rd3 32. Rb2 bxa4 33.
bxa4 Ra3 34. Rb6+ Kf7 35. Nd5 Bd8 36. Ra6 Ra2 37. Rd6 Ba5 38. Rxf6+ Kg7 39. Ra6 Rxa4 40. Ke2 Ra3 41. Ra7+ Kh6 42. Ra6 Kg7 43. Ne7 Bb4 44. Rxa3 Bxa3 45. Nc6 Bc5 46. Nxe5 Kf6 47. Nd7+ 1-0

[Event "Early-Titled-Tuesday-Blitz-March-05-2024"]
[Site "Chess.com"]
[Date "2024.03.05"]
[Round "5"]
[White "OneTrickPony_82"]
[Black "ChessQueen"]
[Result "0-1"]
[WhiteElo "2515"]
[BlackElo "2768"]
[TimeControl "180+1"]
[EndTime "8:58:44 PST"]
[Termination "ChessQueen won on time"]

1. d4 f5 2. Bf4 Nf6 3. e3 c6 4. Nc3 d5 5. Bd3 Be6 6. Nf3 g6 7. h4 Ne4 8. h5 Rg8 9. hxg6 hxg6 10. Bxe4 dxe4 11. Ng5 Bd5 12. Nxd5 Qxd5 13. Qe2 Nd7 14.
c4 Qa5+ 15. Qd2 Qxd2+ 16. Kxd2 e5 17. Bxe5 Nxe5 18. dxe5 Bg7 19. Rh7 O-O-O+ 20. Kc2 Bxe5 21. Rah1 Rd7 22. Nf7 Bg7 23. Ng5 Bf6 24. Ne6 b6 25. c5 Re8 26. Nf4 g5 27. Rxd7 Kxd7 28. Rh7+ Re7 29. Rxe7+ Bxe7 30. cxb6 axb6 31. Ne2 b5 32. Nd4 f4 33. a3 Bc5 34. Nf5 Ke6 35. Ng7+ Kf7 36.
Nh5 fxe3 37. fxe3 Ke6 38. Kd2 Be7 39. g4 Kd5 40. Ng3 Bf6 41. b3 Bb2 42. a4 bxa4 43.
bxa4 Be5 44. Nf5 Kc4 45. Kc2 Kb4 46. Ne7 Kxa4 47. Nxc6 Bf6 48. Nd4 Bxd4 49. exd4 Kb4 50. Kd2 Kc4 51. Ke3 Kd5 0-1

[Event "Early-Titled-Tuesday-Blitz-March-05-2024"]
[Site "Chess.com"]
[Date "2024.03.05"]
[Round "5"]
[White "Jospem"]
[Black "Rodalquilar"]
[Result "1-0"]
[WhiteElo "3065"]
[BlackElo "2804"]
[TimeControl "180+1"]
[EndTime "8:58:45 PST"]
[Termination "Jospem won on time"]

1. e4 d5 2. exd5 Qxd5 3. Nc3 Qa5 4. b4 Qxb4 5. Rb1 Qd6 6. d4 Nf6 7. Bd3 c6 8. Nge2 g6 9. Bf4 Qd8 10. Qd2 Bg7 11. Bh6 O-O 12. Bxg7 Kxg7 13. O-O Nbd7 14.
Qe3 Nb6 15. Rfe1 Nbd5 16. Nxd5 cxd5 17. Nf4 e6 18. Qe5 Kg8 19. h3 b6 20. Re3 Bb7 21. Rg3 Nd7 22. Qd6 Nf6 23. Qe5 Nd7 24. Qh5 Qf6 25.
Qh6 Qg7 26. Qg5 Qxd4 27. Re1 Qf6 28. Qh6 Qg7 29. Qg5 Qf6 30. Qh6 Qg7 31. Qh4 Qf6 32.
Qg4 Ne5 33. Rxe5 Qxe5 34. Bxg6 fxg6 35. Nxg6 h5 36. Qh4 Qf6 37. Nxf8+ Kf7 38. Qxh5+ Kxf8 39. Rf3 Qxf3 40. Qxf3+ Ke7 41. Qa3+ Kd7 42. h4 Rc8 43. Qb2 Rc4 44. h5 Kc6 45. Qf6 Rxc2 46. Qxe6+ Kb5 47. h6 Rc1+ 48. Kh2 Rc6 49. Qe3 d4 50. Qg5+ Rc5 51. Qg6 Bc8 52. h7 Bf5 53. Qe8+ 1-0